AoeStats
← Jesulito123

Black Forest

513226511Analyzed
4v4 RM · 5d ago on Oct 12, 2026· 34m 19s· 8 players
Game mode
Random Map
Map size
Large (8 player)
Population
200
Speed
Normal
Resources
Standard
Victory
Conquest
Starting age
Dark Age
Ending age
Imperial Age
RankedLock teamsTeams togetherTeam positionsShared explorationLock speedFull tech treeHidden civsTurbo modeCheats
Victory
Defeat
🇨🇳 Bohemians · China
1088
+14
🇨🇳 Slavs · China
1086
+14
🇫🇷 Tupi · France
1070
+15
🇮🇳 Celts · India
1054
+15
vs
🇵🇪 Huns · Peru
1082
-16
🇩🇪 Teutons · Germany
1031
-14
🇨🇭 Khmer · Switzerland
1025
-14
🇪🇸 Spanish · Spain
1024
-14
Fralex04
2:38 Loom
11:29 Feudal Age
15:24 Castle Age
14:05 Double-Bit Axe
14:21 Horse Collar
18:17 Heavy Plow
20:31 Bow Saw
21:16 Stone Mining
27:21 Gold Mining
27:51 Fletching
28:01 Padded Archer Armor
29:42 Gold Shaft Mining
29:48 Wheelbarrow
31:00 Ballistics
30:36 Murder Holes
34:14 Imperial Age
32:01 Hand Cart
32:51 Bodkin Arrow
83716497273
11:45 Feudal Age
16:44 Castle Age
16:16 Horse Collar
16:22 Double-Bit Axe
16:22 Fishing Lines
17:57 Bow Saw
18:44 Gillnets
23:55 Gold Mining
24:05 Stone Mining
26:11 Gold Shaft Mining
26:15 Wheelbarrow
26:02 Heavy Plow
30:32 Imperial Age
28:19 Hand Cart
27:49 Town Watch
28:07 Scale Mail Armor
28:18 Forging
27:54 Loom
29:11 Chain Mail Armor
30:15 Iron Casting
29:06 Man-at-Arms
29:06 Pikeman
29:47 Squires
30:42 Onager
31:55 Crop Rotation
32:26 Two-Man Saw
30:49 Capped Ram
30:51 Long Swordsman
32:03 Plate Mail Armor
32:14 Caravan
31:45 Halberdier
32:55 Fortified Wall
33:28 Conscription
33:08 Druzhina
34:35 Blast Furnace
33:01 Two-Handed Swordsman
34:06 Siege Ram
34:09 Siege Onager
dushyanthkuthati
0:42 Loom
13:47 Feudal Age
15:41 Wheelbarrow
14:56 Double-Bit Axe
15:05 Gold Mining
15:31 Fishing Lines
21:16 Castle Age
19:47 Horse Collar
22:20 Hand Cart
22:17 Bow Saw
折枝
0:27 Loom
12:26 Feudal Age
16:06 Castle Age
14:26 Double-Bit Axe
16:50 Wheelbarrow
17:39 Bow Saw
20:43 Horse Collar
25:27 Heavy Plow
25:16 Town Watch
29:13 Imperial Age
29:19 Chemistry
29:32 Pikeman
30:12 Squires
29:58 Arson
31:25 Two-Man Saw
30:59 Halberdier
31:53 Hussite Reforms
32:08 Conscription
RobinHood2783
0:27 Loom
14:13 Feudal Age
18:52 Castle Age
17:02 Stone Mining
17:13 Double-Bit Axe
17:51 Fishing Lines
18:10 Gold Mining
18:23 Horse Collar
19:54 Bow Saw
19:52 Heavy Plow
22:01 Gold Shaft Mining
23:18 Wheelbarrow
24:11 Gillnets
25:16 Hand Cart
29:14 Tusk Swords
32:14 Imperial Age
30:26 Ballistics
30:02 Fletching
29:41 Light Cavalry
30:32 Bloodlines
30:30 Husbandry
32:52 Fortified Wall
32:22 Hussar
34:29 Chemistry
monkeyfromibiza
0:27 Loom
15:27 Feudal Age
16:45 Wheelbarrow
16:00 Double-Bit Axe
21:08 Castle Age
19:32 Stone Mining
21:16 Horse Collar
22:21 Hand Cart
22:23 Bow Saw
22:35 Heavy Plow
27:01 Caravan
32:42 Scale Mail Armor
32:52 Forging
33:48 Stone Shaft Mining
33:24 Gold Mining
Jesulito123
1:11 Loom
11:30 Feudal Age
15:11 Castle Age
13:42 Double-Bit Axe
16:05 Bow Saw
17:35 Horse Collar
20:11 Heavy Plow
23:24 Wheelbarrow
28:46 Imperial Age
26:20 Husbandry
26:30 Bloodlines
27:04 Forging
27:00 Scale Barding Armor
26:45 Fletching
26:59 Gold Mining
27:39 Hand Cart
27:10 Town Watch
28:23 Stone Mining
30:31 Murder Holes
mid or techies
6:51 Loom
11:28 Feudal Age
12:18 Horse Collar
12:24 Double-Bit Axe
15:38 Castle Age
17:04 Wheelbarrow
16:55 Bow Saw
16:47 Heavy Plow
29:05 Imperial Age
27:44 Bloodlines
27:34 Husbandry
28:06 Forging
28:02 Scale Barding Armor
27:54 Gold Mining
28:37 Hand Cart
28:39 Marauders
29:04 Caravan
29:14 Loom
29:14 Town Watch
30:39 Conscription
30:39 Elite Tarkan
32:21 Iron Casting
32:07 Chain Barding Armor
34:29 Blast Furnace
Connection lost

Rejoining the realm…

Still unreachable

The connection could not be restored.

Session expired

The server has moved on; the page needs a fresh start.